General information
- name: BNet
- type: Ladder team game (AT/RT)
- host: Battle.net
- saver: TERRIFIC-TAX
map: Friends
- players: 8
- length: 45:32
- speed: Fast
- version: 1.26 W3XP
- replay type: Public
» download(221 KB)
Players
team 1 (loser)
ryn_mags (
red | 47 APM | 1768 actions | 37:50)
8 Beastmaster
3 Summon Quilbeast
3 Summon Hawk
1 Stampede
1 Summon Bear
» actions
| Assign group hotkey | 27 | |
| Basic commands | 43 | |
| Build / train | 59 | |
| Enter build submenu | 19 | |
| Enter hero's abilities submenu | 8 | |
| Right click | 924 | |
| Select / deselect | 366 | |
| Select group hotkey | 184 | |
| Use ability | 138 | |
1768 total
» units
| Wisp | 13 | |
| Dryad | 5 | |
| Mountain Giant | 11 | |
| Forest Troll Shadow Priest | 1 | |
| Goblin Shredder | 1 | |
31 total
» upgrades
| Reinforced Hides | 3 | |
| Ultravision | 1 | |
| Hardened Skin | 1 | |
| Abolish Magic | 1 | |
| Resistant Skin | 1 | |
| Strength of the Wild | 3 | |
10 total
» buildings
| Altar of Elders | 1 | |
| Moon Well | 9 | |
| Hunter's Hall | 1 | |
| Tree of Ages | 3 | |
| Ancient of Wonders | 1 | |
| Ancient of Lore | 2 | |
| Ancient Protector | 1 | |
| Tree of Eternity | 1 | |
| Tree of Life | 1 | |
20 total
» build order
00:25 Altar of Elders
00:31 Moon Well
01:27 Hunter's Hall
01:59 Moon Well
02:39 Tree of Ages
02:39 Tree of Ages
03:01 Ancient of Wonders
04:04 Moon Well
05:01 Ancient of Lore
05:04 Ancient of Lore
05:10 Moon Well
05:13 Ancient Protector
06:11 Tree of Eternity
07:09 Moon Well
08:12 Moon Well
10:29 Moon Well
11:35 Moon Well
24:58 Moon Well
35:13 Tree of Life
» items
| Orb of Venom | 1 | |
| Scroll of Town Portal | 2 | |
| Anti-magic Potion | 1 | |
| Potion of Healing | 1 | |
5 total
JCIAFTIWLTK (
orange | 63 APM | 2847 actions | 45:32)
7 Blood Mage
3 Flame Strike
3 Siphon Mana
1 Summon Phoenix
» actions
| Assign group hotkey | 221 | |
| Basic commands | 464 | |
| Build / train | 101 | |
| Enter build submenu | 57 | |
| Enter hero's abilities submenu | 7 | |
| Give item / drop item | 4 | |
| Remove unit from queue | 2 | |
| Right click | 1029 | |
| Select / deselect | 504 | |
| Select group hotkey | 269 | |
| Use ability | 189 | |
2847 total
» units
| Peasant | 12 | |
| Footman | 7 | |
| Goblin Shredder | 1 | |
| Sorceress | 3 | |
| Gryphon Rider | 3 | |
| Goblin Sapper | 3 | |
29 total
» upgrades
| Defend | 1 | |
| Lumber Harvesting | 2 | |
| Sorceress Training | 1 | |
| Magic Sentry | 1 | |
| Masonry | 3 | |
| Swords | 3 | |
| Armor | 3 | |
| Animal War Training | 1 | |
| Storm Hammers | 1 | |
16 total
» buildings
| Altar of Kings | 1 | |
| Barracks | 1 | |
| Farm | 14 | |
| Arcane Vault | 2 | |
| Lumber Mill | 1 | |
| Keep | 1 | |
| Scout Tower | 43 | |
| Guard Tower | 9 | |
| Arcane Sanctum | 1 | |
| Town Hall | 2 | |
| Castle | 1 | |
| Blacksmith | 2 | |
| Gryphon Aviary | 10 | |
88 total
» build order
00:43 Altar of Kings
00:46 Barracks
00:55 Farm
01:08 Farm
01:17 Farm
02:14 Arcane Vault
02:25 Lumber Mill
02:54 Farm
03:59 Keep
04:39 Farm
04:41 Farm
05:31 Scout Tower
05:31 Scout Tower
05:32 Scout Tower
05:33 Scout Tower
05:33 Scout Tower
06:06 Guard Tower
06:58 Arcane Sanctum
08:27 Guard Tower
08:31 Town Hall
10:34 Castle
12:11 Farm
13:24 Blacksmith
13:25 Blacksmith
13:32 Scout Tower
13:32 Scout Tower
13:33 Scout Tower
13:34 Scout Tower
13:35 Scout Tower
13:35 Scout Tower
16:54 Guard Tower
17:14 Town Hall
17:17 Scout Tower
17:17 Scout Tower
17:18 Scout Tower
17:18 Scout Tower
17:19 Scout Tower
17:20 Scout Tower
17:20 Scout Tower
17:20 Scout Tower
17:21 Scout Tower
17:22 Scout Tower
17:22 Scout Tower
17:23 Scout Tower
18:04 Guard Tower
20:03 Gryphon Aviary
20:04 Gryphon Aviary
20:04 Gryphon Aviary
20:04 Gryphon Aviary
20:06 Gryphon Aviary
20:06 Gryphon Aviary
20:09 Gryphon Aviary
20:10 Gryphon Aviary
21:07 Guard Tower
21:51 Gryphon Aviary
21:51 Gryphon Aviary
22:20 Farm
22:20 Farm
22:20 Farm
22:23 Farm
22:26 Farm
22:28 Farm
22:30 Farm
22:37 Scout Tower
22:37 Scout Tower
22:37 Scout Tower
22:38 Scout Tower
22:39 Scout Tower
22:40 Scout Tower
22:41 Scout Tower
22:41 Scout Tower
22:42 Scout Tower
22:43 Scout Tower
24:11 Guard Tower
24:17 Scout Tower
24:17 Scout Tower
24:18 Scout Tower
24:18 Scout Tower
24:21 Scout Tower
24:24 Scout Tower
24:24 Scout Tower
24:26 Scout Tower
24:26 Scout Tower
24:27 Scout Tower
25:35 Guard Tower
27:00 Guard Tower
28:33 Guard Tower
30:15 Arcane Vault
» items
| Scroll of Regeneration | 8 | |
| Lesser Clarity Potion | 3 | |
| Potion of Mana | 5 | |
| Potion of Healing | 7 | |
| Scroll of Town Portal | 6 | |
| Ankh of Reincarnation | 1 | |
| Runed Bracers | 1 | |
| Robe of the Magi +6 | 1 | |
| Alleria's Flute of Accuracy | 1 | |
33 total
Q(oo)9 (
green | 10 APM | 467 actions | 45:31)
6 Dreadlord
3 Vampiric Aura
2 Sleep
1 Inferno
» actions
| Basic commands | 5 | |
| Build / train | 129 | |
| Enter build submenu | 17 | |
| Enter hero's abilities submenu | 6 | |
| Right click | 132 | |
| Select / deselect | 154 | |
| Use ability | 24 | |
467 total
» units
| Acolyte | 11 | |
| Ghoul | 2 | |
| Gargoyle | 86 | |
| Crypt Fiend | 10 | |
109 total
» upgrades
| Creature Attack | 2 | |
| Creature Carapace | 2 | |
| Web | 1 | |
5 total
» buildings
| Graveyard | 1 | |
| Crypt | 7 | |
| Ziggurat | 7 | |
| Halls of the Dead | 2 | |
| Altar of Darkness | 1 | |
| Spirit Tower | 4 | |
22 total
» build order
00:17 Graveyard
00:22 Crypt
00:25 Ziggurat
02:15 Halls of the Dead
02:16 Halls of the Dead
02:45 Crypt
02:48 Altar of Darkness
03:03 Ziggurat
03:07 Ziggurat
03:21 Ziggurat
09:14 Ziggurat
10:56 Ziggurat
11:50 Ziggurat
23:26 Crypt
23:55 Spirit Tower
23:58 Spirit Tower
24:09 Spirit Tower
24:09 Spirit Tower
31:24 Crypt
31:30 Crypt
31:35 Crypt
31:42 Crypt

»
afische (
purple | 28 APM | 1263 actions | 45:32)
8 Demon Hunter
3 Immolation
3 Evasion
1 Metamorphosis
1 Mana Burn
» actions
| Build / train | 68 | |
| Enter build submenu | 22 | |
| Enter hero's abilities submenu | 8 | |
| Right click | 789 | |
| Select / deselect | 332 | |
| Use ability | 44 | |
1263 total
» units
| Wisp | 18 | |
| Archer | 5 | |
| Hippogryph | 9 | |
| Chimaera | 16 | |
| Goblin Zeppelin | 1 | |
49 total
» upgrades
| Reinforced Hides | 3 | |
| Strength of the Wild | 3 | |
| Corrosive Breath | 1 | |
| Well Spring | 1 | |
8 total
» buildings
| Altar of Elders | 1 | |
| Moon Well | 9 | |
| Ancient of War | 1 | |
| Tree of Ages | 1 | |
| Hunter's Hall | 1 | |
| Tree of Eternity | 1 | |
| Ancient of Wind | 1 | |
| Chimaera Roost | 3 | |
| Ancient Protector | 3 | |
| Tree of Life | 1 | |
22 total
» build order
00:08 Altar of Elders
00:13 Moon Well
00:51 Ancient of War
02:23 Tree of Ages
02:27 Moon Well
03:29 Hunter's Hall
04:45 Tree of Eternity
04:49 Ancient of Wind
05:30 Moon Well
06:50 Moon Well
07:33 Chimaera Roost
07:39 Chimaera Roost
07:46 Chimaera Roost
07:49 Moon Well
08:54 Moon Well
09:25 Ancient Protector
11:38 Moon Well
12:24 Tree of Life
14:18 Moon Well
23:45 Ancient Protector
23:51 Ancient Protector
24:31 Moon Well
team 2 (winner)
Faster.Caster (
pink | 29 APM | 540 actions | 18:37)
4 Priestess of the Moon
2 Searing Arrows
2 Trueshot Aura
» actions
| Basic commands | 25 | |
| Build / train | 55 | |
| Enter build submenu | 19 | |
| Enter hero's abilities submenu | 5 | |
| Right click | 220 | |
| Select / deselect | 187 | |
| Use ability | 29 | |
540 total
» units
| Wisp | 13 | |
| Archer | 8 | |
| Dryad | 6 | |
| Chimaera | 8 | |
| Hippogryph | 7 | |
42 total
» upgrades
| Strength of the Wild | 3 | |
| Abolish Magic | 1 | |
| Reinforced Hides | 2 | |
6 total
» buildings
| Altar of Elders | 1 | |
| Moon Well | 8 | |
| Ancient of War | 1 | |
| Tree of Ages | 1 | |
| Hunter's Hall | 1 | |
| Ancient of Lore | 1 | |
| Tree of Eternity | 1 | |
| Ancient of Wind | 1 | |
| Chimaera Roost | 3 | |
| Tree of Life | 1 | |
19 total
» build order
00:10 Altar of Elders
00:18 Moon Well
01:02 Moon Well
01:19 Ancient of War
01:58 Moon Well
02:52 Tree of Ages
03:34 Hunter's Hall
04:35 Moon Well
05:19 Ancient of Lore
05:49 Tree of Eternity
05:51 Ancient of Wind
07:03 Moon Well
07:13 Moon Well
08:22 Chimaera Roost
08:30 Chimaera Roost
08:45 Chimaera Roost
09:03 Moon Well
10:31 Moon Well
14:10 Tree of Life
RandomScrub (
yellow | 13 APM | 555 actions | 41:55)
4 Keeper of the Grove
1 Force of Nature
2 Entangling Roots
1 Thorns Aura
2 Dreadlord
1 Sleep
1 Vampiric Aura
» actions
| Assign group hotkey | 16 | |
| Basic commands | 9 | |
| Build / train | 51 | |
| Enter build submenu | 24 | |
| Enter hero's abilities submenu | 6 | |
| Remove unit from queue | 1 | |
| Right click | 120 | |
| Select / deselect | 187 | |
| Select group hotkey | 82 | |
| Use ability | 59 | |
555 total
» units
| Wisp | 18 | |
| Huntress | 7 | |
| Druid of the Claw | 1 | |
| Dryad | 8 | |
| Acolyte | 1 | |
35 total
» upgrades
| Ultravision | 1 | |
| Sentinel | 1 | |
| Strength of the Wild | 1 | |
| Reinforced Hides | 1 | |
| Druid of the Claw Training | 2 | |
6 total
» buildings
| Altar of Elders | 1 | |
| Moon Well | 5 | |
| Ancient of War | 2 | |
| Hunter's Hall | 1 | |
| Tree of Ages | 1 | |
| Ancient of Wonders | 1 | |
| Ancient of Lore | 5 | |
| Tree of Eternity | 1 | |
| Ancient Protector | 4 | |
21 total
» build order
00:25 Altar of Elders
00:42 Moon Well
01:06 Ancient of War
02:20 Hunter's Hall
02:32 Moon Well
03:24 Ancient of War
04:07 Moon Well
04:46 Tree of Ages
05:24 Ancient of Wonders
06:07 Moon Well
07:11 Ancient of Lore
07:16 Ancient of Lore
07:41 Ancient of Lore
08:55 Tree of Eternity
09:58 Moon Well
11:00 Ancient Protector
11:08 Ancient Protector
11:15 Ancient Protector
12:51 Ancient of Lore
13:19 Ancient of Lore
14:17 Ancient Protector
TERRIFIC-TAX (
teal | 83 APM | 3773 actions | 45:32)
10 Blademaster
3 Wind Walk
3 Critical Strike
1 Bladestorm
3 Mirror Image
2 Dreadlord
1 Inferno
1 Sleep
» actions
| Assign group hotkey | 92 | |
| Basic commands | 1 | |
| Build / train | 112 | |
| Enter build submenu | 27 | |
| Enter hero's abilities submenu | 14 | |
| Give item / drop item | 1 | |
| Remove unit from queue | 3 | |
| Right click | 1728 | |
| Select / deselect | 382 | |
| Select group hotkey | 1083 | |
| Use ability | 330 | |
3773 total
» units
| Peon | 29 | |
| Goblin Shredder | 1 | |
| Wind Rider | 5 | |
| Troll Batrider | 25 | |
| Goblin Zeppelin | 1 | |
| Raider | 3 | |
64 total
» upgrades
| Ranged Weapons | 3 | |
| Armor | 3 | |
| Reinforced Defenses | 1 | |
| Envenomed Spears | 1 | |
| Melee Weapons | 1 | |
| Ensnare | 1 | |
10 total
» buildings
| Altar of Storms | 1 | |
| Orc Burrow | 9 | |
| War Mill | 3 | |
| Voodoo Lounge | 2 | |
| Stronghold | 3 | |
| Watch Tower | 39 | |
| Fortress | 2 | |
| Beastiary | 5 | |
| Ancient Protector | 4 | |
68 total
» build order
00:13 Altar of Storms
00:23 Orc Burrow
01:08 War Mill
01:26 Orc Burrow
01:40 Voodoo Lounge
02:42 Stronghold
02:43 Stronghold
02:43 Stronghold
03:24 Watch Tower
03:25 Watch Tower
03:31 Watch Tower
03:33 Watch Tower
03:34 Watch Tower
03:36 Watch Tower
03:45 Orc Burrow
03:46 Orc Burrow
03:47 Orc Burrow
04:39 Watch Tower
04:42 Watch Tower
04:43 Watch Tower
06:28 Fortress
06:31 Watch Tower
06:31 Watch Tower
06:33 Watch Tower
06:54 War Mill
07:55 Watch Tower
07:57 Watch Tower
08:31 Voodoo Lounge
08:54 Watch Tower
08:54 Watch Tower
08:54 Watch Tower
08:55 Watch Tower
08:57 Watch Tower
08:57 Watch Tower
08:58 Watch Tower
09:24 Beastiary
09:31 Beastiary
16:36 Watch Tower
16:36 Watch Tower
16:37 Watch Tower
16:37 Watch Tower
16:39 Watch Tower
16:39 Watch Tower
16:40 Watch Tower
16:41 Watch Tower
16:42 Watch Tower
19:07 Ancient Protector
19:07 Ancient Protector
19:07 Ancient Protector
19:08 Ancient Protector
21:00 Watch Tower
21:00 Watch Tower
21:00 Watch Tower
21:01 Watch Tower
29:07 Beastiary
29:08 Beastiary
36:06 War Mill
40:08 Watch Tower
40:08 Watch Tower
40:08 Watch Tower
40:09 Watch Tower
41:03 Orc Burrow
41:04 Orc Burrow
42:46 Beastiary
42:48 Orc Burrow
42:48 Orc Burrow
» items
| Healing Salve | 1 | |
| Scroll of Town Portal | 3 | |
| Potion of Healing | 3 | |
| Orb of Lightning | 1 | |
| Lesser Clarity Potion | 1 | |
| Tiny Great Hall | 2 | |
| Potion of Mana | 2 | |
13 total

»
mblaze3 (
blue | 44 APM | 890 actions | 20:02)
1 Death Knight
1 Death Coil
3 Dreadlord
2 Vampiric Aura
1 Sleep
» actions
| Basic commands | 5 | |
| Build / train | 45 | |
| Enter build submenu | 24 | |
| Enter hero's abilities submenu | 4 | |
| Remove unit from queue | 1 | |
| Right click | 578 | |
| Select / deselect | 196 | |
| Use ability | 37 | |
890 total
» units
| Acolyte | 10 | |
| Ghoul | 6 | |
| Necromancer | 1 | |
| Obsidian Statue | 2 | |
| Crypt Fiend | 2 | |
21 total
» upgrades
| Cannibalize | 1 | |
| Unholy Strength | 1 | |
| Unholy Armor | 1 | |
| Necromancer Training | 1 | |
| Skeletal Longevity | 1 | |
| Ghoul Frenzy | 1 | |
| Web | 1 | |
7 total
» buildings
| Crypt | 2 | |
| Ziggurat | 6 | |
| Altar of Darkness | 1 | |
| Nerubian Tower | 4 | |
| Tomb of Relics | 1 | |
| Halls of the Dead | 1 | |
| Graveyard | 1 | |
| Temple of the Damned | 2 | |
| Slaughterhouse | 2 | |
| Black Citadel | 1 | |
| Spirit Tower | 1 | |
22 total
» build order
00:14 Crypt
00:19 Ziggurat
00:39 Crypt
01:06 Altar of Darkness
01:22 Nerubian Tower
02:26 Ziggurat
02:32 Ziggurat
02:44 Tomb of Relics
03:05 Ziggurat
03:53 Halls of the Dead
04:23 Nerubian Tower
04:38 Graveyard
06:17 Temple of the Damned
06:23 Slaughterhouse
07:08 Slaughterhouse
07:11 Black Citadel
09:12 Ziggurat
10:23 Temple of the Damned
11:26 Nerubian Tower
13:48 Spirit Tower
16:14 Nerubian Tower
18:42 Ziggurat
» items
| Rod of Necromancy | 2 | |
| Scroll of Town Portal | 1 | |
3 total
Chat log
(00:21 / Allies) Faster.Caster: potm dryad chim
(00:32 / Allies) TERRIFIC-TAX: bats wyverns
(00:50 / Allies) RandomScrub: KOTG and bears for me then. hunts first
(00:57 / Allies) TERRIFIC-TAX: cc
(01:39 / All) JCIAFTIWLTK: I FEEL SO ALONE GONNA END UP A BIG OL PILE THEM
(01:46 / All) JCIAFTIWLTK: I FEEL SO ALONE GONNA END UP A BIG OLE PILE THEM
(01:54 / All) JCIAFTIWLTK: I FEEL SO ALONE GONNA END UP A BIG OLE PILE THEM BONES
(02:21 / All) TERRIFIC-TAX: tebow needs to start over that lettuce picker
(02:32 / All) JCIAFTIWLTK: You'll hear no argument from me
(02:36 / All) Q(oo)9: tebow sucks balls
(02:50 / All) Faster.Caster: whats a tebow
(02:58 / All) Q(oo)9: a ball sucker
(03:01 / All) Faster.Caster: :)
(03:07 / All) Faster.Caster: euro cup anyone?
(03:10 / All) JCIAFTIWLTK: Greatest QB of this generation
(03:12 / All) JCIAFTIWLTK: Sans Luck
(03:18 / Allies) Faster.Caster: yellow
(03:28 / Allies) Faster.Caster: come yellow
(03:50 / All) Q(oo)9: europe cup really? fag!!!
(03:53 / All) Faster.Caster: Germans fucked the Greeks sideways today in soccer, as they will politically also haha
(04:02 / Allies) TERRIFIC-TAX: sorry blue
(04:04 / Allies) TERRIFIC-TAX: meant for u to have
(04:10 / Allies) mblaze3: for what
(04:22 / Allies) TERRIFIC-TAX: may i buy rod
(04:51 / All) Q(oo)9: anybody know is the olympcs iactually do wanna see that
(05:00 / All) TERRIFIC-TAX: when?
(05:04 / All) Q(oo)9: ya
(05:10 / All) TERRIFIC-TAX: summer duh
(05:20 / Allies) TERRIFIC-TAX: wood
(05:21 / All) Q(oo)9: so next month?
(05:23 / All) TERRIFIC-TAX: what sport u want to seee
(05:25 / All) TERRIFIC-TAX: august i guess
(05:32 / All) Faster.Caster: july/august
(05:41 / All) Faster.Caster: they wont do it when the Euros are on :)
(06:07 / All) Q(oo)9: most baseball, judo, boxing, anything else that is badass and does not have a fag on skates
(07:43 / Allies) Faster.Caster: fyi they just sent a scout by us yellow
(07:44 / Allies) Faster.Caster: heads up
(07:49 / Allies) RandomScrub: k
(08:07 / Allies) TERRIFIC-TAX: wood?
(09:49 / Allies) Faster.Caster: chims soon
(10:07 / Allies) Faster.Caster: heads up
(10:09 / Allies) Faster.Caster: theyre there
(11:00 / Allies) mblaze3: do we have aa?
(11:16 / Allies) Faster.Caster: no towers blue
(11:18 / Allies) Faster.Caster: what the fuck
(11:25 / Allies) Faster.Caster: repair?
(11:51 / Allies) Faster.Caster: come
(11:53 / Allies) Faster.Caster: tp
(11:57 / Allies) mblaze3: no gold
(12:15 / Allies) TERRIFIC-TAX: making bats
(12:16 / Allies) TERRIFIC-TAX: now
(13:05 / Allies) TERRIFIC-TAX: get back blue
(13:20 / Allies) mblaze3: why the game is over \\i have no gold
(13:29 / Allies) TERRIFIC-TAX: give him gold guys
(13:38 / Allies) RandomScrub: lumber?
(13:42 / Allies) Faster.Caster: tower up please?
(14:28 / Allies) RandomScrub: they're coming again
(14:50 / Allies) Faster.Caster: yellow
(14:51 / Allies) mblaze3: again no gold
(14:52 / Allies) Faster.Caster: get more aa
(15:00 / Allies) RandomScrub: k dryads
(15:15 / Allies) Faster.Caster: teal you have bats in my base
(15:57 / Allies) Faster.Caster: yellow
(16:01 / Allies) Faster.Caster: where the fuck are your runits?
(16:07 / Allies) TERRIFIC-TAX: we got this
(16:08 / Allies) TERRIFIC-TAX: guys
(16:09 / Allies) TERRIFIC-TAX: they suck
(16:12 / Allies) RandomScrub: they killed my trees before
(16:17 / Allies) TERRIFIC-TAX: gold plz
(16:28 / Allies) Faster.Caster: stay
(16:28 / Allies) RandomScrub: b
(16:28 / Allies) Faster.Caster: stay
(16:31 / Allies) Faster.Caster: YELLOW
(16:31 / Allies) RandomScrub: k
(16:45 / Allies) TERRIFIC-TAX: get back
(16:46 / Allies) TERRIFIC-TAX: wow
(17:36 / Allies) Faster.Caster: use bats
(17:37 / Allies) Faster.Caster: teal
(18:04 / Allies) TERRIFIC-TAX: dont leave
(18:05 / Allies) TERRIFIC-TAX: we got this
(18:14 / Allies) TERRIFIC-TAX: gold me
(19:03 / All) JCIAFTIWLTK: didn't see your toers lawl
(19:04 / All) JCIAFTIWLTK: I mean
(19:07 / All) JCIAFTIWLTK: didn't take them into account teal
(19:13 / Allies) mblaze3: how can he kill all my acos in one shot
(19:33 / Allies) mblaze3: must be a fucking hack
(19:39 / All) Q(oo)9: teal like omaha beach on D day
(19:55 / Allies) mblaze3: havef un kiddies this is enough shit for me
(20:17 / All) RandomScrub: I gotta see this attack on teal
(20:31 / All) RandomScrub: a minute ago when you were destroying my base he's like "don't leave we got this"...
(20:39 / All) JCIAFTIWLTK: I had him surrounded by invisible footmen
(20:44 / All) JCIAFTIWLTK: but I got too close to your towers
(20:48 / All) JCIAFTIWLTK: I wanted to rape his mine
(20:51 / All) JCIAFTIWLTK: while he couldn't sleep me
(21:02 / All) RandomScrub: Invisible! u haxor!
(22:51 / All) Q(oo)9: u fucker!!!!!!!!!!!!!!!!! u killed my air omg he is gonna win with BATS
(23:44 / All) Q(oo)9: how he get alev 7 hero? :O
(24:59 / All) RandomScrub: He must really have you guys scared to not be attacking...
(25:03 / Allies) TERRIFIC-TAX: lawl
(25:05 / Allies) TERRIFIC-TAX: watch yellow
(25:06 / Allies) TERRIFIC-TAX: u faggot
(25:11 / All) Q(oo)9: im shitting myself
(25:21 / Allies) RandomScrub: you win this and i'll suck your dick
(25:24 / Allies) RandomScrub: not gonna happen though
(26:12 / Allies) RandomScrub: You've got good defense but your not gonna win with that. whats your plan? it's 4 on 1
(26:16 / All) Q(oo)9: the funny thing OJ doing the same teal is lmao
(26:30 / All) RandomScrub: Teal is a trend setter!
(27:57 / All) RandomScrub: LOL
(28:02 / All) RandomScrub: OJ killed purp hero!?
(28:25 / All) ryn_mags: double agent?
(28:31 / All) RandomScrub: oj maybe teal will win after all
(28:32 / All) Q(oo)9: indeed lol
(28:34 / All) RandomScrub: LOL
(28:57 / All) RandomScrub: Damn and i told him i'd suck his dick if he did. don't put me on the hook for a BJ
(29:03 / All) RandomScrub: teal has herpes. i want to stay clean
(29:21 / All) Q(oo)9: looks like u gonna have to suk his dick
(29:30 / All) Q(oo)9: otherwise ur a pussy for going back on ur word
(29:32 / Allies) RandomScrub: you know OJ?
(30:20 / All) Q(oo)9: the most shocking part oj got an actual army...
(31:38 / All) RandomScrub: What's going on with you guys? did OJ destroy any bases?
(32:03 / All) Q(oo)9: he trying
(34:42 / All) JCIAFTIWLTK: feed him
(34:47 / All) Q(oo)9: i am
(36:04 / All) JCIAFTIWLTK: well guys
(36:06 / All) JCIAFTIWLTK: looks like we lose
(36:09 / All) TERRIFIC-TAX: lawl
(36:13 / All) TERRIFIC-TAX: green did iu
(36:37 / All) RandomScrub: Teal cheated
(36:41 / All) RandomScrub: No blowjobs!
(36:50 / All) RandomScrub: The deal was he had to beat you all on his own!
(37:57 / All) JCIAFTIWLTK: Stay
(38:02 / All) JCIAFTIWLTK: No one is going to win this game if you all stay
(38:12 / All) JCIAFTIWLTK: Stop leeching off my wells red
(38:17 / All) JCIAFTIWLTK: Ah he left
(38:24 / All) TERRIFIC-TAX: ok listen up
(38:25 / All) TERRIFIC-TAX: yellow
(38:28 / All) TERRIFIC-TAX: puprle
(38:28 / All) TERRIFIC-TAX: green
(38:38 / All) TERRIFIC-TAX: you all have equal chance to win
(38:41 / All) TERRIFIC-TAX: you have been hoaxed
(38:44 / All) TERRIFIC-TAX: me and orange are comrades
(38:46 / All) TERRIFIC-TAX: allies
(38:47 / All) TERRIFIC-TAX: spies
(38:57 / All) TERRIFIC-TAX: we're gonna kill all our units, including our own, and leave the game
(39:02 / All) TERRIFIC-TAX: we will leave one building on each side
(39:05 / All) RandomScrub: LOL
(39:07 / All) TERRIFIC-TAX: person with the best internet wins
(39:18 / All) TERRIFIC-TAX: are these terms fair?
(39:26 / All) RandomScrub: I'd rather leave and have an actual game and have fun
(39:32 / All) RandomScrub: Must admit this was hilarious though
(39:36 / All) RandomScrub: thanks for the laughs
(39:37 / All) TERRIFIC-TAX: did u believe me yellow
(39:40 / All) TERRIFIC-TAX: what i said it wasnt over
(39:53 / All) TERRIFIC-TAX: yellow or pink i forget, was getting pissed at blue for dieing to flamestrike
(39:57 / All) RandomScrub: Why would I? If OJ wasn't a double agent you would haev been crushed
(40:05 / All) RandomScrub: Pink
(40:25 / All) JCIAFTIWLTK: blue was my bitch
(40:35 / All) TERRIFIC-TAX: lawl
(40:39 / All) TERRIFIC-TAX: pink was ticked at him
(40:41 / All) TERRIFIC-TAX: actually
(40:42 / All) TERRIFIC-TAX: not at u
(40:44 / All) RandomScrub: Yeah that was pretty bad with his mine. then he kept begging for gold
(40:53 / All) RandomScrub: "repair!?" he said
(41:10 / All) JCIAFTIWLTK: did he say anything while surrounded by invisible footmen
(41:15 / All) TERRIFIC-TAX: permission to kill ur expos?
(41:25 / All) JCIAFTIWLTK: go ahead
(41:44 / All) RandomScrub: Well i'm out of here. see ya
(42:07 / All) JCIAFTIWLTK: That's all your team right?
(42:11 / All) TERRIFIC-TAX: yes
(42:13 / All) JCIAFTIWLTK: They are silent
(43:01 / All) TERRIFIC-TAX: i made so many bats
(43:16 / All) TERRIFIC-TAX: did green give up? his gargs could have played a factor at bot righ texpo
(43:28 / All) JCIAFTIWLTK: yes
(43:39 / All) TERRIFIC-TAX: we stabbed him the other day i think
(43:40 / All) TERRIFIC-TAX: the game
(43:40 / All) JCIAFTIWLTK: After I said "feed him" and pinged you killing his gargs
(43:41 / All) TERRIFIC-TAX: u lagge dout
(43:42 / All) TERRIFIC-TAX: oh yea
(43:43 / All) JCIAFTIWLTK: he said "i am"
(43:44 / All) TERRIFIC-TAX: u lagged out
(43:46 / All) TERRIFIC-TAX: that game
(43:47 / All) JCIAFTIWLTK: then stopped playing/talking
(43:55 / All) TERRIFIC-TAX: he was talking shit on fullscale
(43:56 / All) TERRIFIC-TAX: green was
(44:06 / All) JCIAFTIWLTK: what game was it
(44:12 / All) TERRIFIC-TAX: the game with that
(44:17 / All) TERRIFIC-TAX: lvpb player
(44:26 / All) JCIAFTIWLTK: waht kind of shit happened in it
(44:43 / All) TERRIFIC-TAX: not sure lawl